 Dungeon Crawl Stone Soup version 0.29-a0-322-g68df515428 (webtiles) character file.

Game seed: 11447375680413797651

2696 kae the Firebug (level 9, 0/52 HPs)
             Began as a Tengu Fire Elementalist on Apr 8, 2022.
             Was a Follower of Sif Muna.
             Slain by a two-headed ogre
             ... wielding a +0 halberd
              (11 damage)
             ... in a bailey.
             The game lasted 00:05:19 (9457 turns).

kae the Firebug (Tengu Fire Elementalist)           Turns: 9457, Time: 00:05:19

Health: 0/52       AC:  4    Str:  8    XL:     9   Next: 65%
Magic:  15/16      EV: 16    Int: 19    God:    Sif Muna [*.....]
Gold:   320        SH:  6    Dex: 16    Spells: 11/17 levels left

rFire   . . .      SeeInvis .   c - +2 spear (elec)
rCold   . . .      Faith    .   m - +1 buckler
rNeg    + . .      Spirit   .   k - +2 robe {rN+}
rPois   .          Reflect  .   (helmet restricted)
rElec   .          Harm     .   (no cloak)
rCorr   +          Rampage  .   (no gloves)
Will    .....                   (boots unavailable)
Stlth   ++........              (no amulet)
HPRegen 0.17/turn               d - ring of resist corrosion
MPRegen 0.15/turn               (no ring)

@: flying quickly and evasively, quick
A: beak, talons 3, nimble flight
a: Renounce Religion, Channel Magic


You were in a bailey.
You worshipped Sif Muna.
Sif Muna was aware of your devotion.
You visited 2 branches of the dungeon, and saw 8 of its levels.
You also visited: Bailey.

You collected 320 gold pieces.

Inventory:

Hand Weapons
 c - a +2 spear of electrocution (weapon)
Armour
 k - a +2 robe of positive energy (worn)
 m - a +1 buckler (worn)
Jewellery
 d - a ring of resist corrosion (left hand)
Wands
 j - a wand of polymorph (10)
 t - a wand of mindburst (14)
Scrolls
 l - 2 scrolls of fog
 p - a scroll of fear {unknown}
 s - a scroll of blinking
Potions
 a - a potion of attraction
 b - a potion of magic
 e - a potion of ambrosia
 f - a potion of flight
 g - 4 potions of curing
 h - a potion of invisibility
 i - 2 potions of mutation
 n - a potion of resistance {unknown}
 o - a potion of heal wounds {unknown}
 q - 2 potions of degeneration {unknown}


   Skills:
 + Level 4.1 Fighting
 + Level 4.6 Armour
 + Level 5.2 Dodging
 - Level 2.0 Stealth
 + Level 3.6 Shields
 + Level 4.5 Spellcasting
 + Level 6.0 Conjurations
 * Level 7.9 Fire Magic
 + Level 2.1 Invocations


You had 11 spell levels left.
You knew the following spells:

 Your Spells              Type           Power      Damage    Failure   Level
a - Foxfire               Conj/Fire      100%       2x1d9     1%          1
b - Scorch                Fire           68%        2d8       1%          2
c - Conjure Flame         Conj/Fire      30%        6-21      3%          3

Your spell library contained the following spells:

 Spells                   Type           Power      Damage    Failure   Level
 Inner Flame              Hex/Fire       19%        N/A       10%         3
 Flame Wave               Conj/Fire      30%        2d8       10%         4
 Frozen Ramparts          Ice            8%         1d2       45%         3
 Ice Form                 Ice/Tmut       4%         N/A       86%         4
 Summon Ice Beast         Ice/Summ       4%         N/A       86%         4


Dungeon Overview and Level Annotations

Branches:
Dungeon (7/15)             Temple (1/1) D:4          Bailey (1/1)

Altars:
Ashenzari
Cheibriados
Dithmenos
Elyvilon
Fedhas
Gozag
Hepliaklqana
Kikubaaqudgha
Makhleb
Okawaru
Qazlal
Ru
Sif Muna
Trog
Uskayaw
Vehumet
Wu Jian
Xom
Zin
The Shining One

Shops:
D:2 [=


Innate Abilities, Weirdness & Mutations

You have a beak for a mouth.
You have claws for feet.
Your magical nature lets you fly swiftly and evasively.


Message History

The two-headed ogre is lightly wounded.
The foxfire hits the two-headed ogre!
The two-headed ogre is moderately wounded.
A two-headed ogre is nearby!
Casting: Foxfire (safe; 1% risk of failure)
Confirm with . or Enter, or press ? or * to list all spells.
You conjure some foxfire!
The foxfire hits the two-headed ogre.
The two-headed ogre is moderately wounded.
The foxfire hits the two-headed ogre.
The two-headed ogre is moderately wounded.
The two-headed ogre is engulfed in a cloud of scalding steam.
The two-headed ogre barely misses you.
The two-headed ogre hits you from afar with a +0 halberd!!
Casting: Foxfire (safe; 1% risk of failure)
Confirm with . or Enter, or press ? or * to list all spells.
You conjure some foxfire!
The two-headed ogre is engulfed in a cloud of scalding steam.
The two-headed ogre closely misses you.
The two-headed ogre hits you from afar with a +0 halberd!!
Ouch! That really hurt!
* * * LOW HITPOINT WARNING * * *
The foxfire hits the two-headed ogre.
The two-headed ogre is heavily wounded.
The foxfire hits the two-headed ogre!
The two-headed ogre is severely wounded.
The two-headed ogre is engulfed in a cloud of scalding steam.
Items here: )) ††.
Things that are here:
a +0 glaive; an ogre corpse
Casting: Foxfire (safe; 1% risk of failure)
Confirm with . or Enter, or press ? or * to list all spells.
You conjure some foxfire!
The foxfire hits the two-headed ogre!
The two-headed ogre is almost dead.
The foxfire hits the two-headed ogre but does no damage.
The two-headed ogre is almost dead.
You block the two-headed ogre's attack.
The two-headed ogre hits you from afar with a +0 halberd!
You die...

#######
###.....###
##.........##
##...........##
#....∩...∩....#
##...........##
##....§@...##
###≈≈)≈≈###
#≈O)≈≈#
##)≈≈≈≈##
##.......#
##)........#
##..#######..#
##..#♣ #..#
##..## #..#


You could see a two-headed ogre.

Vanquished Creatures
  2 spriggans (Bailey)
  A wyvern (D:6)
  A water moccasin (D:3)
  2 sky beasts
  6 ogres
  A phantom (D:5)
  2 necrophages
  3 scorpions
  A bullfrog (D:6)
  4 wights (D:6)
  3 hounds
  2 jellies (D:5)
  3 orc priests
  Jessica (D:2)
  An iguana (D:3)
  7 orc wizards
  15 adders
  6 gnolls
  A shadow imp (D:6)
  2 worms
  A dart slug (D:3)
  27 orcs
  3 endoplasms
  7 giant cockroaches
  3 goblins (D:2)
  6 hobgoblins
  5 jackals
  3 quokkas
  5 ball pythons
  7 bats
  2 frilled lizards
  5 kobolds
  5 rats
143 creatures vanquished.

Vanquished Creatures (others)
  394 foxfires
394 creatures vanquished.

Grand Total: 537 creatures vanquished

Notes
Turn   | Place    | Note
-------+----------+-------------------------------------------
     0 | D:1      | kae the Tengu Fire Elementalist began the quest for the
                  | Orb.
     0 | D:1      | Reached XP level 1. HP: 10/10 MP: 4/4
   351 | D:1      | Reached XP level 2. HP: 15/15 MP: 3/6
   542 | D:1      | Found a faded altar of an unknown god.
   850 | D:2      | Noticed Jessica
   860 | D:2      | Killed Jessica
   861 | D:2      | Reached skill level 1 in Armour
   861 | D:2      | Reached XP level 3. HP: 20/20 MP: 2/7
   864 | D:2      | Learned a level 2 spell: Scorch
   912 | D:2      | Learned a level 3 spell: Conjure Flame
  1106 | D:2      | Reached skill level 4 in Fire Magic
  1204 | D:2      | Found Xyumim's Antique Armour Boutique.
  1208 | D:2      | Reached XP level 4. HP: 18/24 MP: 6/8
  1293 | D:2      | Reached skill level 1 in Fighting
  1669 | D:2      | Found Avairresk's Jewellery Emporium.
  2477 | D:3      | Gained mutation: Your magical nature lets you fly swiftly
                  | and evasively. [Tengu growth]
  2477 | D:3      | Reached XP level 5. HP: 17/29 MP: 9/9
  2744 | D:3      | Found a hide-covered altar of Uskayaw.
  3506 | D:4      | Reached XP level 6. HP: 19/35 MP: 6/11
  3577 | D:3      | Reached skill level 5 in Fire Magic
  3984 | D:3      | Reached skill level 1 in Shields
  4271 | D:4      | Noticed a water moccasin
  4296 | D:3      | Killed a water moccasin
  4297 | D:3      | Reached XP level 7. HP: 17/40 MP: 7/12
  5343 | D:4      | Found a staircase to the Ecumenical Temple.
  5381 | Temple   | Entered the Ecumenical Temple
  5613 | Temple   | Became a worshipper of Sif Muna the Loreminder
  5701 | D:4      | Found a burning altar of Makhleb.
  5997 | D:5      | Entered Level 5 of the Dungeon
  6156 | D:5      | Reached skill level 6 in Fire Magic
  6198 | D:5      | Reached XP level 8. HP: 16/45 MP: 6/14
  6207 | D:5      | HP: 2/45 [poisoned by a scorpion]
  7072 | D:5      | Found an opulent altar of Gozag.
  7493 | D:6      | Found a sacrificial altar of Ru.
  7539 | D:6      | Reached skill level 5 in Conjurations
  7577 | D:6      | Reached * piety under Sif Muna
  7616 | D:6      | Reached skill level 1 in Invocations
  7894 | D:6      | Reached skill level 7 in Fire Magic
  7915 | D:6      | Found a radiant altar of Vehumet.
  8047 | D:6      | Reached XP level 9. HP: 51/51 MP: 10/16
  8371 | D:6      | Found a snail-covered altar of Cheibriados.
  8371 | D:6      | Found an ancient bone altar of Kikubaaqudgha.
  8631 | D:6      | HP: 1/51 [wyvern (17)]
  9252 | D:7      | Found a flagged portal.
  9260 | Bailey   | Entered a bailey
  9321 | Bailey   | Reached skill level 5 in Dodging
  9425 | Bailey   | Noticed a two-headed ogre
  9457 | Bailey   | Slain by a two-headed ogre

Illustrated notes

Levels and vault maps discovered:
D:1:      psy_arrival_fountain, layout_rooms,
          hellmonk_ecumenical_altar_heavens_door, nrook_campfire,
          chequers_decorated_corner, st_stairs_7
D:2:      layout_basic, serial_shops, nicolae_lakefront_shop,
          nicolae_shop_statue_plus, minivault_23, minmay_liquid_box,
          uniq_jessica
D:3:      layout_basic, eat_drink_and_be_merry_uskayaw,
          minmay_large_rounded_square, due_unseen_surprise
D:4:      layout_rooms, mainiacjoe_overflow_surrounded_room,
          minmay_temple_entry_grid
D:5:      layout_gridville, general_overflow_altar, minmay_misc_feat_tiny,
          chequers_serial_rivers_micro_e, minivault_25
D:6:      layout_loops_ring, old_standard_altar, nicolae_ru_awakened_eye,
          gammafunk_temple_overflow_wave, portal_sewer_entry_d
D:7:      layout_basic, enter_bailey_6
Temple:   nicolae_temple_figure_eight
Bailey:   bailey_polearm_enchanted_keep_hellmonk, bailey

Skill      XL: |  1  2  3  4  5  6  7  8  9 |
---------------+----------------------------+-----
Armour         | 1 2 3 4 |  4.6
Conjurations   | 2 3 4 5 6 |  6.0
Fire Magic     | 4 5 6 7 |  7.9
Fighting       | 1 2 3 4 |  4.1
Dodging        | 3 4 5 |  5.2
Shields        | 1 2 3 |  3.6
Spellcasting   | 3 4 |  4.5
Invocations    | 1 2 |  2.1
Stealth        | |  2.0

Action                   |  1- 3 |  4- 6 |  7- 9 || total
-------------------------+-------+-------+-------++-------
Melee: Unarmed           |     9 |     5 |       ||    14
       Kick              |     3 |    21 |     8 ||    32
       Peck              |     2 |    14 |     3 ||    19
       Punch             |     1 |       |       ||     1
       Spear             |       |    95 |    26 ||   121
 Cast: Foxfire           |    45 |    41 |   144 ||   230
       Scorch            |       |    18 |    38 ||    56
       Conjure Flame     |       |     1 |     2 ||     3
Evoke: Wand              |       |       |     1 ||     1
  Use: Scroll            |     1 |     6 |     8 ||    15
       Potion            |       |     1 |       ||     1
 Stab: Sleeping          |       |     6 |       ||     6
Armor: Robe              |     2 |    17 |    12 ||    31
Dodge: Dodged            |    11 |    78 |    85 ||   174
Block: Buckler           |       |     5 |    34 ||    39

Table legend: (Time is in decaauts)
 A = Elapsed time spent in this place.
 B = Non-inter-level travel time spent in this place.
 C = Inter-level travel time spent in this place.
 D = Time resting spent in this place.
 E = Time spent auto-exploring this place.
 F = Levels seen in this place.
 G = Mean time per level.
                   A        B        C        D        E       F      G
               +--------+--------+--------+--------+--------+-----+--------+
         Total |   9210 |   8817 |    393 |   1795 |   5694 |   9 | 1023.3 |
       Dungeon |   8792 |   8433 |    359 |   1789 |   5399 |   7 | 1256.0 |
        Temple |    230 |    196 |     34 |      0 |    192 |   1 |  230.0 |
        Bailey |    188 |    188 |      0 |      6 |    102 |   1 |  188.0 |
               +--------+--------+--------+--------+--------+-----+--------+

Top non-repeatable levels by time:
     D:3: 2592 daAuts
     D:6: 1671 daAuts
     D:2: 1339 daAuts
     D:4: 1301 daAuts
     D:5: 867 daAuts
     D:1: 808 daAuts
  Temple: 230 daAuts
     D:7: 212 daAuts
  Bailey: 188 daAuts
